AoeStats
← The Scampy

Arabia

505279709Analyzed
3v3 RM · 22d ago on Sep 8, 2026· 69m 21s· 6 players
Game mode
Random Map
Map size
Normal (6 player)
Population
200
Speed
Normal
Resources
Standard
Victory
Conquest
Starting age
Dark Age
Ending age
Imperial Age
RankedLock teamsTeams togetherTeam positionsShared explorationLock speedFull tech treeHidden civsTurbo modeCheats
Victory
Defeat
🇩🇪 Ethiopians · Germany
869
+16
🇩🇪 Magyars · Germany
860
+16
🇩🇪 Hindustanis · Germany
850
+16
🇹🇼 Japanese · Taiwan
897
-18
🇳🇱 Khmer · Netherlands
859
-16
🇬🇧 Burgundians · United Kingdom
820
-14
The Scampy
7:43 Loom
10:47 Feudal Age
16:40 Stone Mining
19:26 Castle Age
22:22 Double-Bit Axe
25:00 Bow Saw
25:13 Horse Collar
27:36 Fletching
27:48 Padded Archer Armor
29:49 Wheelbarrow
29:29 Gold Mining
30:43 Town Watch
30:56 Bodkin Arrow
31:12 Thumb Ring
33:03 Ballistics
34:38 Gold Shaft Mining
34:49 Corvinian Army
36:28 Elite Skirmisher
41:44 Imperial Age
40:35 Scale Barding Armor
40:46 Leather Archer Armor
41:32 Masonry
41:18 Murder Holes
41:58 Hand Cart
43:32 Conscription
42:42 Capped Ram
45:30 Elite Magyar Huszar
46:11 Heavy Cavalry Archer
47:42 Parthian Tactics
55:35 Chemistry
56:13 Chain Barding Armor
59:18 Husbandry
59:29 Bloodlines
62:38 Caravan
Red_Tiger
2:25 Loom
2:52 Loom
12:01 Feudal Age
13:21 Town Watch
17:12 Castle Age
17:49 Town Watch
19:22 Thumb Ring
19:20 Double-Bit Axe
20:36 Fletching
27:46 Horse Collar
27:41 Elite Skirmisher
28:12 Light Cavalry
29:03 Bloodlines
31:30 Forging
40:02 Grand Trunk Road
41:00 Wheelbarrow
41:01 Ballistics
42:23 Fervor
42:30 Scale Barding Armor
45:32 Imperial Age
47:21 Chemistry
46:27 Siege Engineers
48:51 Heavy Cavalry Archer
48:56 Heavy Camel Rider
51:56 Conscription
54:51 Elite Ghulam
58:42 Hussar
64:58 Bodkin Arrow
fylla
6:43 Loom
9:17 Feudal Age
12:30 Fletching
24:24 Castle Age
23:46 Double-Bit Axe
23:55 Horse Collar
24:29 Crossbowman
25:04 Bodkin Arrow
26:10 Bow Saw
27:46 Heavy Plow
28:01 Gold Mining
28:55 Wheelbarrow
34:24 Imperial Age
32:56 Ballistics
32:50 Thumb Ring
34:29 Arbalester
35:14 Bracer
36:13 Padded Archer Armor
38:27 Chemistry
39:17 Leather Archer Armor
39:12 Forging
40:18 Conscription
40:39 Stone Mining
41:25 Gold Shaft Mining
41:57 Two-Man Saw
43:56 Torsion Engines
45:36 Hand Cart
45:05 Capped Ram
47:02 Siege Engineers
48:16 Ring Archer Armor
48:23 Iron Casting
48:21 Onager
51:56 Halberdier
52:02 Halberdier
52:43 Squires
54:42 Siege Onager
56:50 Guilds
62:54 Stone Shaft Mining
66:59 Caravan
68:23 Masonry
TornBee2533810
5:02 Loom
13:11 Feudal Age
23:48 Double-Bit Axe
26:21 Bow Saw
28:31 Castle Age
31:43 Wheelbarrow
31:05 Horse Collar
32:27 Padded Archer Armor
35:59 Gold Mining
36:00 Stone Mining
40:20 Fletching
41:17 Elite Skirmisher
42:34 Bodkin Arrow
45:04 Forging
44:55 Scale Mail Armor
45:01 Scale Barding Armor
46:29 Hand Cart
53:19 Imperial Age
50:56 Husbandry
52:49 Cavalier
58:30 Chain Barding Armor
58:28 Leather Archer Armor
59:49 Paladin
64:26 Chemistry
moose45
13:19 Feudal Age
14:04 Double-Bit Axe
14:03 Horse Collar
17:25 Castle Age
15:40 Gold Mining
16:16 Forging
18:05 Scale Barding Armor
19:18 Husbandry
20:52 Town Watch
22:16 Bow Saw
23:15 Wheelbarrow
23:50 Heavy Plow
26:05 Gold Shaft Mining
26:47 Hand Cart
26:18 Loom
26:57 Stone Mining
32:00 Imperial Age
30:30 Town Patrol
30:22 Fletching
31:14 Scale Mail Armor
31:16 Padded Archer Armor
31:53 Stone Shaft Mining
31:49 Light Cavalry
32:40 Bloodlines
33:16 Crop Rotation
34:37 Masonry
35:28 Chemistry
38:11 Iron Casting
38:14 Architecture
37:33 Man-at-Arms
37:34 Pikeman
39:18 Ballistics
39:15 Leather Archer Armor
40:01 Blast Furnace
41:19 Murder Holes
42:23 Elite Skirmisher
43:49 Chain Mail Armor
45:12 Conscription
46:02 Chain Barding Armor
46:23 Double Crossbow
54:11 Plate Barding Armor
53:44 Siege Engineers
53:41 Elite Ballista Elephant
54:47 Caravan
63:33 Bodkin Arrow
64:09 Ring Archer Armor
roger777
4:01 Loom
11:22 Feudal Age
17:15 Castle Age
16:14 Double-Bit Axe
17:31 Fletching
27:23 Padded Archer Armor
30:17 Thumb Ring
31:44 Bodkin Arrow
33:18 Wheelbarrow
34:47 Forging
35:10 Pikeman
35:36 Gambesons
39:49 Imperial Age
39:39 Hand Cart
39:44 Bow Saw
39:38 Scale Mail Armor
39:43 Squires
41:00 Town Watch
42:16 Iron Casting
41:41 Halberdier
43:19 Chain Mail Armor
46:08 Parthian Tactics
46:38 Arson
46:46 Gold Mining
46:47 Stone Mining
48:00 Blast Furnace
47:06 Man-at-Arms
49:41 Plate Mail Armor
49:11 Bracer
50:08 Heavy Cavalry Archer
50:12 Long Swordsman
52:12 Gold Shaft Mining
53:44 Chemistry
54:52 Leather Archer Armor
54:41 Two-Handed Swordsman
56:12 Ring Archer Armor
55:30 Champion
59:11 Scale Barding Armor
62:27 Elite Samurai
64:45 Kataparuto
66:06 Two-Man Saw
Connection lost

Rejoining the realm…

Still unreachable

The connection could not be restored.

Session expired

The server has moved on; the page needs a fresh start.